AoeStats
← Longoooooo

Arena

510870869Analyzed
2v2 RM · 7h ago on Oct 2, 2026· 36m 51s· 4 players
Game mode
Random Map
Map size
Medium (4 player)
Population
200
Speed
Normal
Resources
Standard
Victory
Conquest
Starting age
Dark Age
Ending age
Imperial Age
RankedLock teamsTeams togetherTeam positionsShared explorationLock speedFull tech treeHidden civsTurbo modeCheats
Victory
Defeat
🇹🇼 Britons · Taiwan
873
+16
🇺🇸 Huns · United States
759
+21
🇪🇸 Burgundians · Spain
883
-19
🇬🇧 Celts · United Kingdom
850
-18
neilcasserly3
10:31 Feudal Age
11:16 Double-Bit Axe
17:29 Castle Age
15:57 Horse Collar
19:01 Forging
20:20 Loom
21:19 Wheelbarrow
20:53 Elite Skirmisher
21:20 Pikeman
29:37 Fletching
35:58 Scale Mail Armor
paujou92
5:40 Double-Bit Axe
11:14 Wheelbarrow
11:02 Gold Mining
11:10 Horse Collar
11:23 Stone Mining
13:31 Feudal Age
15:03 Gold Shaft Mining
18:46 Castle Age
17:39 Scale Barding Armor
17:45 Forging
18:10 Forging
21:55 Fletching
astonge7878
11:10 Feudal Age
15:41 Castle Age
13:53 Horse Collar
14:01 Double-Bit Axe
14:29 Loom
22:18 Fletching
25:24 Wheelbarrow
26:03 Bow Saw
27:12 Padded Archer Armor
28:03 Hand Cart
28:08 Gold Mining
28:20 Stone Mining
28:43 Heavy Plow
29:41 Leather Archer Armor
29:21 Bodkin Arrow
35:20 Imperial Age
34:30 Gold Shaft Mining
34:20 Scale Barding Armor
34:25 Forging
34:34 Bloodlines
34:25 Husbandry
35:04 Light Cavalry
36:59 Chain Barding Armor
37:15 Iron Casting
36:22 Hussar
Longoooooo
11:48 Feudal Age
14:09 Wheelbarrow
13:45 Double-Bit Axe
14:39 Horse Collar
18:20 Castle Age
18:43 Crossbowman
20:04 Bow Saw
20:53 Fletching
25:00 Heavy Plow
29:18 Bodkin Arrow
29:46 Hand Cart
Connection lost

Rejoining the realm…

Still unreachable

The connection could not be restored.

Session expired

The server has moved on; the page needs a fresh start.